 Dungeon Crawl Stone Soup version 0.29.1 (webtiles) character file.

Game seed: 5044672080243804076

52057 qw the Severer (level 14, -1/135 HPs)
             Began as a Minotaur Berserker on Sept 13, 2022.
             Was an Elder of Trog.
             Slain by a cyan ugly thing (14 damage)
             ... on level 12 of the Dungeon.
             The game lasted 00:07:27 (21179 turns).

qw the Severer (Minotaur Berserker)                Turns: 21179, Time: 00:07:27

Health: -1/135     AC: 28    Str: 25    XL:     14   Next: 25%
Magic:  13/13      EV: 11    Int:  4    God:    Trog [****..]
Gold:   303        SH:  6    Dex: 12    Spells: 13/13 levels left

rFire   + . .      SeeInvis .   Y - +5 broad axe (freeze)
rCold   . . .      Faith    .   p - +0 buckler
rNeg    . . .      Spirit   .   m - +3 chain mail {rF+}
rPois   +          Reflect  .   g - +2 hat {Will+}
rElec   .          Harm     .   r - +0 cloak
rCorr   .          Rampage  .   k - +0 pair of gloves
Will    ++...                   b - +2 pair of boots {Stlth+}
Stlth   ..........              a - amulet of regeneration
HPRegen 1.12/turn               d - ring of poison resistance
MPRegen 0.13/turn               h - +4 ring of protection

@: about to teleport, on berserk cooldown, slowed, very slow
A: horns 2, retaliatory headbutt, wild magic 1
a: Renounce Religion, Berserk, Trog's Hand, Brothers in Arms


You were on level 12 of the Dungeon.
You worshipped Trog.
Trog was greatly pleased with you.
You visited 2 branches of the dungeon, and saw 17 of its levels.

You collected 1480 gold pieces.
You spent 1177 gold pieces at shops.


Innate Abilities, Weirdness & Mutations

You have a pair of horns on your head.
You reflexively headbutt those who attack you in melee.
Your spells are a little harder to cast, but a little more powerful.


   Skills:
 + Level 15.4 Fighting
 - Level 18.0 Axes
 - Level 6.0 Throwing
 - Level 13.0 Armour
 - Level 7.0 Dodging
 - Level 10.1 Shields


You had 13 spell levels left.
You didn't know any spells.
Your spell library was empty.

Inventory:

Hand Weapons
 v - a +0 demon whip of venom
 Y - a +5 broad axe of freezing (weapon)
Missiles
 t - 4 boomerangs (quivered)
Armour
 b - a +2 pair of boots of stealth (worn)
 g - a +2 hat of willpower (worn)
 i - a +0 plate armour
 k - a +0 pair of gloves (worn)
 l - a +0 chain mail of poison resistance
 m - a +3 chain mail of fire resistance (worn)
 p - a +0 buckler (worn)
 r - a +0 cloak (worn)
Jewellery
 a - an amulet of regeneration (around neck)
 d - a ring of poison resistance (left hand)
 h - a +4 ring of protection (right hand)
 s - a +4 ring of slaying {mikee}
Scrolls
 c - 11 scrolls of identify
 o - a scroll of teleportation
Potions
 e - a potion of heal wounds
 f - 4 potions of haste
 j - 5 potions of curing
 q - 2 potions of resistance
 w - 2 potions of might

Dungeon Overview and Level Annotations

Branches:
Dungeon (12/15)            Temple (0/1) D:7            Lair (5/5) D:11
 Shoals (0/4) Lair:3       Spider (0/4) Lair:3        Slime (0/5) Lair:5
    Orc (0/2) D:9

Altars:
Ashenzari
Cheibriados
Kikubaaqudgha
Okawaru
Sif Muna
Vehumet
Yredelemnul
The Shining One
Lugonu

Shops:
D:7 *(**   D:8 *:   D:9 [   D:11 *

Portals:
Abyss: Lair:5

Annotations:
D:3 Natasha
D:4 2 transporters, qw's ghost, amateur GrFi
D:9 2 transporters, qw's ghost, novice MiBe


Message History

Trog appreciates your killing of a magic user.
The crimson imp disappears in a puff of smoke!
You whack the troll!
The troll is poisoned.
The troll is heavily wounded.
You are no longer berserk.
You are exhausted.
You feel yourself slow down.
21174 ||| SWAPPING to +5 broad axe of freezing.
Your +0 demon whip of venom stops dripping with poison.
Your +5 broad axe of freezing glows with a cold blue light!
Y - a +5 broad axe of freezing (weapon)
The troll closely misses you. The troll claws you but does no damage.
The troll closely misses you.
You hit the troll. You freeze the troll. Your headbutt misses the troll.
The troll is severely wounded.
Your black bear is no longer berserk.
Your black bear disappears in a puff of smoke!
The troll barely misses you. The troll claws you! The troll misses you.
You closely miss the troll.
The troll is severely wounded.
The troll closely misses you. The troll claws you.
The troll claws you but does no damage.
You slice the troll!! You freeze the troll.
You kill the troll!
Trog accepts your kill.
The troll leather armour is intact enough to wear.
You slash the cyan ugly thing! You freeze the cyan ugly thing.
The cyan ugly thing barely misses you. You furiously retaliate!
You headbutt the cyan ugly thing, but do no damage.
You slash the cyan ugly thing! You freeze the cyan ugly thing.
The cyan ugly thing is heavily wounded.
You hit the deep elf pyromancer. You freeze the deep elf pyromancer.
You hear an angry buzzing noise.
The cyan ugly thing tentacle-slaps you! The cyan ugly thing shocks you!
The deep elf pyromancer hits you with a +0 long sword.
21179 ||| READING 2 scrolls of teleportation.
As you read the scroll of teleportation, it crumbles to dust.
You feel strangely unstable. The cyan ugly thing tentacle-slaps you!
The cyan ugly thing shocks you!
You die...

...............##
####
)..............#
.#
.....#........## .
.....###......# .#
.....####.#..## .
#..###[......# .#
#..###.#...### #.#
...##....###..
##e#
##.#...###.#.###@#
##...###.#.#.##u##
...###.#.#.#.#)##
.##').......(()#
..[###.#.#.#)#.#
##...###?#.#.##.#
......%###)#.# #.#
#####.)..###.. #.#
#.##...### ##


You could see a cyan ugly thing and a deep elf pyromancer.

Vanquished Creatures
  Gastronok (D:10)
  A fire giant (D:12)
  Nessos (D:12)
  A deep elf high priest (D:12)
  Fannar (D:10)
  2 hydras
  2 boulder beetles
  3 two-headed ogres
  3 death yaks (Lair:5)
  2 thrashing horrors (Lair:5)
  5 skeletal warriors (D:12)
  Amaemon (Lair:2)
  An oklob plant (Lair:4)
  3 cyclopes
  3 ugly things
  A merfolk siren (Lair:3)
  A manticore (D:11)
  4 black mambas
  2 smoke demons (Lair:5)
  An orange demon (Lair:2)
  Maggie (D:8)
  3 gargoyles
  7 cane toads
  Psyche (D:10)
  2 kobold demonologists
  An unseen horror (D:11)
  An efreet (D:12)
  4 komodo dragons
  A rime drake (Lair:4)
  2 ice devils (Lair:3)
  2 ancient zymes (Lair:5)
  A meliai (Lair:3)
  A hornet (D:8)
  2 merfolk (Lair:3)
  2 trolls
  Prince Ribbit (D:5)
  2 polar bears
  9 blink frogs (Lair:5)
  6 dream sheep (Lair:4)
  4 slime creatures
  A shadow (D:12)
  3 large abominations (Lair:5)
  2 spriggans (Lair:5)
  5 wraiths
  2 vampires
  2 ynoxinuls (Lair:5)
  2 wyverns
  26 yaks
  5 basilisks
  Grum (D:9)
  2 chaos spawn (Lair:5)
  2 acid dragons
  8 water moccasins
  Duvessa (D:7)
  An ice beast (D:4)
  5 orc warriors
  A sky beast (D:8)
  6 black bears
  An ogre (D:7)
  8 wolves
  9 centaurs
  A phantom (D:4)
  6 kobold brigands
  Blork the orc (D:4)
  7 bullfrogs
  2 scorpions
  A gnoll sergeant (D:12)
  19 wights
  7 small abominations (Lair:5)
  Dowan (D:7)
  25 killer bees
  4 howler monkeys
  3 electric eels
  6 hounds
  9 orc priests
  14 jellies
  A gnoll bouda (D:9)
  3 iguanas
  11 orc wizards
  Natasha (twice) (D:3)
  7 hell rats (Lair:1)
  5 adders
  16 gnolls
  2 shadow imps
  A white imp (D:6)
  An ufetubus (D:5)
  3 worms
  3 dart slugs (D:2)
  50 orcs
  8 ball pythons
  8 bats
  19 endoplasms
  9 giant cockroaches
  4 goblins
  9 hobgoblins
  7 jackals
  4 quokkas
  4 frilled lizards
  27 kobolds
  12 rats
507 creatures vanquished.

Vanquished Creatures (collateral kills)
  3 hydras
  A manticore (D:12)
  A cane toad (Lair:5)
  A komodo dragon (Lair:5)
  A yak (Lair:2)
  A basilisk (Lair:2)
8 creatures vanquished.

Vanquished Creatures (others)
  An orc wizard (D:9)
  A small abomination (Lair:5)
  2 kobolds (D:9)
  40 fungi
  54 plants
98 creatures vanquished.

Grand Total: 613 creatures vanquished

Notes
Turn   | Place    | Note
-------+----------+-------------------------------------------
     0 | D:1      | qw the Minotaur Berserker began the quest for the Orb.
     0 | D:1      | Reached XP level 1. HP: 19/19 MP: 0/0
     0 | D:1      | 0 ||| qw: Version: 0.1-a-119-g272c26d
     0 | D:1      | 0 ||| qw: Game counter: 11253
     0 | D:1      | 0 ||| qw: Always use a shield: true
     0 | D:1      | 0 ||| qw: Do Orc after D:15 true
     0 | D:1      | 0 ||| qw: Do second Lair branch before Depths: true
     0 | D:1      | 0 ||| qw: Lair rune preference: random
     0 | D:1      | 0 ||| qw: Plans: Normal
     0 | D:1      | 0 ||| PLANNING D:1-11
     5 | D:1      | 5 ||| Stepping ~*~*~tactically~*~*~ (stealth).
     7 | D:1      | 7 ||| Stepping ~*~*~tactically~*~*~ (stealth).
     8 | D:1      | 8 ||| Stepping ~*~*~tactically~*~*~ (stealth).
    24 | D:1      | 24 ||| Stepping ~*~*~tactically~*~*~ (stealth).
    26 | D:1      | 26 ||| Stepping ~*~*~tactically~*~*~ (stealth).
   122 | D:1      | Reached skill level 4 in Axes
   237 | D:1      | 237 ||| Stepping ~*~*~tactically~*~*~ (stealth).
   239 | D:1      | 239 ||| Stepping ~*~*~tactically~*~*~ (stealth).
   243 | D:1      | Reached XP level 2. HP: 22/26 MP: 1/1
   758 | D:1      | Reached ** piety under Trog
   860 | D:1      | Reached skill level 5 in Axes
  1141 | D:1      | 1141 ||| READING scroll labelled COZXA SYQU.
  1142 | D:1      | 1142 ||| READING 2 scrolls labelled TIAWAF CODY.
  1143 | D:1      | 1143 ||| READING scroll labelled CAYRRU BAHUPT.
  1147 | D:1      | 1147 ||| READING scroll labelled FEB UMYRGHUGAKK.
  1148 | D:1      | 1148 ||| READING scroll labelled ROVVIB ETIF.
  1149 | D:1      | 1149 ||| DRINKING 2 lumpy orange potions.
  1150 | D:1      | 1150 ||| DROPPING scroll of butterflies.
  1151 | D:1      | 1151 ||| DROPPING potion of magic.
  1170 | D:2      | 1170 ||| Stepping ~*~*~tactically~*~*~ (stealth).
  1171 | D:2      | 1171 ||| Stepping ~*~*~tactically~*~*~ (stealth).
  1174 | D:2      | 1174 ||| Stepping ~*~*~tactically~*~*~ (stealth).
  1177 | D:2      | Reached XP level 3. HP: 28/31 MP: 2/2
  1464 | D:2      | 1464 ||| Stepping ~*~*~tactically~*~*~ (hiding).
  1566 | D:2      | 1566 ||| Stepping ~*~*~tactically~*~*~ (hiding).
  1913 | D:2      | 1913 ||| INVOKING Berserk.
  2069 | D:2      | 2069 ||| INVOKING Berserk.
  2072 | D:2      | Reached XP level 4. HP: 39/39 MP: 3/3
  2226 | D:2      | 2226 ||| DROPPING +0 club.
  2352 | D:2      | 2352 ||| UPGRADING to +0 ring mail.
  2362 | D:2      | 2362 ||| DROPPING +0 animal skin.
  2363 | D:2      | 2363 ||| UPGRADING to +0 pair of gloves.
  2368 | D:2      | 2368 ||| UPGRADING to +0 chain mail.
  2378 | D:2      | 2378 ||| DROPPING +0 ring mail.
  2379 | D:2      | 2379 ||| UPGRADING to +4 ring of protection.
  2380 | D:2      | 2380 ||| READING scroll labelled OSEADU ERUGG.
  2516 | D:2      | 2516 ||| READING scroll labelled BAGOIR UMARR.
  2517 | D:2      | 2517 ||| DRINKING 2 murky brown potions.
  2518 | D:2      | 2518 ||| DRINKING 2 blue potions.
  2519 | D:2      | 2519 ||| DROPPING potion of brilliance.
  2596 | D:3      | 2596 ||| INVOKING Berserk.
  2600 | D:3      | Reached skill level 6 in Axes
  2910 | D:3      | 2910 ||| Stepping ~*~*~tactically~*~*~ (stealth).
  3034 | D:3      | 3034 ||| INVOKING Berserk.
  3037 | D:3      | Noticed Natasha
  3042 | D:3      | Killed Natasha
  3043 | D:3      | Reached skill level 7 in Axes
  3043 | D:3      | Reached XP level 5. HP: 45/45 MP: 4/4
  3104 | D:3      | 3104 ||| DROPPING +0 whip.
  3304 | D:3      | Noticed Natasha
  3307 | D:3      | 3307 ||| INVOKING Berserk.
  3314 | D:3      | Killed Natasha
  3500 | D:3      | 3500 ||| INVOKING Berserk.
  3508 | D:3      | 3508 ||| Stepping ~*~*~tactically~*~*~ (stealth).
  3510 | D:3      | 3510 ||| Stepping ~*~*~tactically~*~*~ (stealth).
  3675 | D:3      | Noticed Natasha
  3676 | D:3      | 3676 ||| Stepping ~*~*~tactically~*~*~ (stealth).
  3688 | D:3      | 3688 ||| DROPPING ring of magical power.
  3689 | D:3      | 3689 ||| READING 5 scrolls of identify.
  3689 | D:3      | 3689 ||| IDENTIFYING brown potion
  3690 | D:3      | 3690 ||| READING 4 scrolls of identify.
  3690 | D:3      | 3690 ||| IDENTIFYING glowing grey potion
  3691 | D:3      | 3691 ||| READING 3 scrolls of identify.
  3691 | D:3      | 3691 ||| IDENTIFYING emerald potion
  3692 | D:3      | 3692 ||| READING 2 scrolls of identify.
  3692 | D:3      | 3692 ||| IDENTIFYING glowing coppery potion
  3693 | D:3      | 3693 ||| DROPPING potion of flight.
  3694 | D:3      | 3694 ||| DROPPING potion of invisibility.
  3695 | D:3      | 3695 ||| DROPPING potion of lignification.
  3716 | D:4      | 3716 ||| INVOKING Berserk.
  3719 | D:4      | Reached XP level 6. HP: 52/52 MP: 5/5
  3721 | D:4      | Reached skill level 8 in Axes
  3748 | D:4      | 3748 ||| FLEEEEING.
  3749 | D:4      | 3749 ||| FLEEEEING.
  3750 | D:4      | 3750 ||| FLEEEEING.
  3756 | D:4      | 3756 ||| STAIRDANCE
  3819 | D:4      | 3819 ||| READING scroll of enchant weapon.
  3819 | D:4      | 3819 ||| ENCHANTING +1 hand axe of electrocution.
  3834 | D:4      | 3834 ||| Stepping ~*~*~tactically~*~*~ (hiding).
  3887 | D:4      | 3887 ||| Stepping ~*~*~tactically~*~*~ (stealth).
  3888 | D:4      | 3888 ||| Stepping ~*~*~tactically~*~*~ (stealth).
  3889 | D:4      | 3889 ||| Stepping ~*~*~tactically~*~*~ (stealth).
  3916 | D:4      | Noticed an ice beast
  3920 | D:4      | 3920 ||| INVOKING Berserk.
  3925 | D:4      | Killed an ice beast
  4046 | D:4      | Noticed qw's ghost (amateur GrFi)
  4059 | D:4      | Found a transporter.
  4075 | D:4      | Reached skill level 9 in Axes
  4117 | D:4      | 4117 ||| INVOKING Berserk.
  4127 | D:4      | Reached *** piety under Trog
  4128 | D:4      | Reached skill level 3 in Armour
  4128 | D:4      | Reached XP level 7. HP: 59/59 MP: 6/6
  4300 | D:4      | 4300 ||| Stepping ~*~*~tactically~*~*~ (hiding).
  4372 | D:4      | 4372 ||| Stepping ~*~*~tactically~*~*~ (stealth).
  4397 | D:4      | 4397 ||| Stepping ~*~*~tactically~*~*~ (stealth).
  4495 | D:4      | 4495 ||| Stepping ~*~*~tactically~*~*~ (hiding).
  4515 | D:4      | Noticed Blork the orc
  4516 | D:4      | 4516 ||| Stepping ~*~*~tactically~*~*~ (stealth).
  4519 | D:4      | 4519 ||| INVOKING Berserk.
  4522 | D:4      | Killed Blork the orc
  4819 | D:4      | Found a transporter.
  5065 | D:4      | 5065 ||| UPGRADING to +2 pair of boots of stealth.
  5070 | D:4      | 5070 ||| UPGRADING to +6 ring of strength.
  5071 | D:4      | 5071 ||| READING scroll labelled ELLU UDY SIUDE.
  5172 | D:4      | 5172 ||| READING scroll labelled APNINA VUGEGECWI.
  5179 | D:5      | Entered Level 5 of the Dungeon
  5251 | D:5      | 5251 ||| INVOKING Berserk.
  5263 | D:5      | Reached skill level 10 in Axes
  5267 | D:5      | 5267 ||| DRINKING potion of curing.
  5267 | D:5      | 5267 ||| (to cure confusion)
  5379 | D:5      | 5379 ||| SWAPPING to +0 war axe.
  5380 | D:5      | 5380 ||| DROPPING +2 hand axe of electrocution.
  5525 | D:5      | Reached skill level 1 in Throwing
  5606 | D:5      | Reached XP level 8. HP: 59/68 MP: 7/7
  5867 | D:5      | Noticed Prince Ribbit
  5869 | D:5      | 5869 ||| INVOKING Berserk.
  5881 | D:5      | Killed Prince Ribbit
  5882 | D:5      | Reached skill level 6 in Fighting
  6085 | D:5      | 6085 ||| DRINKING 2 fizzy brown potions.
  6085 | D:5      | Gained mutation: You occasionally lose the ability to drink
                  | potions when taking damage. [potion of mutation]
  6086 | D:5      | 6086 ||| DRINKING potion of mutation.
  6086 | D:5      | Lost mutation: You occasionally lose the ability to drink
                  | potions when taking damage. [potion of mutation]
  6086 | D:5      | Gained mutation: Your spells are a little harder to cast,
                  | but a little more powerful. [potion of mutation]
  6087 | D:5      | 6087 ||| READING 3 scrolls of identify.
  6087 | D:5      | 6087 ||| IDENTIFYING bubbling grey potion
  6170 | D:6      | 6170 ||| READING scroll of enchant weapon.
  6170 | D:6      | 6170 ||| ENCHANTING +0 war axe.
  6242 | D:6      | 6242 ||| INVOKING Berserk.
  6491 | D:6      | Reached skill level 11 in Axes
  6592 | D:6      | 6592 ||| Stepping ~*~*~tactically~*~*~ (hiding).
  6760 | D:7      | 6760 ||| INVOKING Berserk.
  6943 | D:7      | Found Noyhagos's Assorted Antiques.
  6948 | D:7      | 6948 ||| Stepping ~*~*~tactically~*~*~ (hiding).
  6950 | D:7      | 6950 ||| INVOKING Berserk.
  7079 | D:7      | 7079 ||| BUYING buckler (112 gold).
  7079 | D:7      | Bought a buckler for 112 gold pieces
  7079 | D:7      | 7079 ||| BUYING cloak (112 gold).
  7079 | D:7      | Bought a cloak for 112 gold pieces
  7079 | D:7      | 7079 ||| BUYING potion of curing (75 gold).
  7079 | D:7      | Bought a potion of curing for 75 gold pieces
  7079 | D:7      | 7079 ||| BUYING scroll of teleportation (75 gold).
  7079 | D:7      | Bought a scroll of teleportation for 75 gold pieces
  7079 | D:7      | 7079 ||| BUYING scroll of teleportation (75 gold).
  7079 | D:7      | Bought a scroll of teleportation for 75 gold pieces
  7097 | D:7      | 7097 ||| INVOKING Berserk.
  7099 | D:7      | Reached skill level 12 in Axes
  7234 | D:7      | Found Fetufe's Assorted Antiques.
  7240 | D:7      | 7240 ||| SHOPLISTING potion of curing (84 gold, have 54).
  7240 | D:7      | 7240 ||| SHOPLISTING scroll of identify (56 gold, have 54).
  7240 | D:7      | 7240 ||| BUYING yellow potion (25 gold).
  7240 | D:7      | Bought a yellow potion for 25 gold pieces
  7277 | D:7      | Found Giusyucor's Antique Weapon Emporium.
  7338 | D:7      | 7338 ||| SHOPLISTING glowing flail (188 gold, have 40).
  7344 | D:7      | 7344 ||| Stepping ~*~*~tactically~*~*~ (stealth).
  7348 | D:7      | 7348 ||| Stepping ~*~*~tactically~*~*~ (stealth).
  7384 | D:7      | Found Dina's Assorted Antiques.
  7387 | D:7      | 7387 ||| SHOPLISTING potion of heal wounds (125 gold, have
                  | 75).
  7387 | D:7      | 7387 ||| BUYING scroll labelled OFO CANOLUIKID (25 gold).
  7387 | D:7      | Bought a scroll labelled OFO CANOLUIKID for 25 gold pieces
  7387 | D:7      | 7387 ||| BUYING scroll of identify (50 gold).
  7387 | D:7      | Bought a scroll of identify for 50 gold pieces
  7431 | D:7      | Noticed Duvessa
  7431 | D:7      | Noticed Dowan
  7433 | D:7      | 7433 ||| INVOKING Berserk.
  7436 | D:7      | Killed Dowan
  7443 | D:7      | Killed Duvessa
  7444 | D:7      | Reached XP level 9. HP: 79/79 MP: 8/8
  7568 | D:7      | 7568 ||| Stepping ~*~*~tactically~*~*~ (hiding).
  7569 | D:7      | 7569 ||| Stepping ~*~*~tactically~*~*~ (hiding).
  7573 | D:7      | 7573 ||| INVOKING Berserk.
  7583 | D:7      | Reached **** piety under Trog
  7647 | D:7      | Found a staircase to the Ecumenical Temple.
  7791 | D:7      | Found a radiant altar of Vehumet.
  7793 | D:7      | 7793 ||| Stepping ~*~*~tactically~*~*~ (hiding).
  7794 | D:7      | 7794 ||| Stepping ~*~*~tactically~*~*~ (hiding).
  7798 | D:7      | 7798 ||| INVOKING Berserk.
  7850 | D:7      | 7850 ||| FLEEEEING.
  7851 | D:7      | 7851 ||| FLEEEEING.
  7856 | D:7      | 7856 ||| FLEEEEING.
  7857 | D:7      | 7857 ||| FLEEEEING.
  7862 | D:7      | 7862 ||| INVOKING Berserk.
  7978 | D:7      | 7978 ||| DROPPING +0 flail.
  7981 | D:7      | Found an ancient bone altar of Kikubaaqudgha.
  7982 | D:7      | Found a shimmering blue altar of Sif Muna.
  8187 | D:7      | 8187 ||| UPGRADING to +0 buckler.
  8192 | D:7      | 8192 ||| UPGRADING to +0 cloak.
  8197 | D:7      | 8197 ||| UPGRADING to ring of poison resistance.
  8199 | D:7      | 8199 ||| UPGRADING to +4 ring of protection.
  8201 | D:7      | 8201 ||| READING scroll labelled MARUMO SUGI.
  8202 | D:7      | 8202 ||| READING scroll labelled OFO CANOLUIKID.
  8203 | D:7      | 8203 ||| READING scroll labelled XOLEKA XEUSOF.
  8204 | D:7      | 8204 ||| READING 6 scrolls of identify.
  8204 | D:7      | 8204 ||| IDENTIFYING yellow potion
  8205 | D:7      | 8205 ||| READING 5 scrolls of identify.
  8205 | D:7      | 8205 ||| IDENTIFYING red potion
  8206 | D:7      | 8206 ||| DROPPING potion of degeneration.
  8217 | D:8      | Reached skill level 1 in Shields
  8217 | D:8      | 8217 ||| STAIRDANCE
  8277 | D:8      | 8277 ||| STAIRDANCE
  8294 | D:8      | 8294 ||| STAIRDANCE
  8303 | D:7      | Reached skill level 3 in Shields
  8352 | D:8      | 8352 ||| STAIRDANCE
  8409 | D:8      | Reached skill level 13 in Axes
  8412 | D:8      | 8412 ||| INVOKING Berserk.
  8461 | D:8      | 8461 ||| FLEEEEING.
  8462 | D:8      | 8462 ||| FLEEEEING.
  8511 | D:8      | 8511 ||| FLEEEEING.
  8512 | D:8      | 8512 ||| STAIRDANCE
  8599 | D:8      | 8599 ||| STAIRDANCE
  8606 | D:7      | Reached skill level 6 in Armour
  8662 | D:8      | You fall into a shaft and drop 3 floors!
  8692 | D:11     | Found Qiqoippa's General Store.
  8698 | D:11     | 8698 ||| SHOPLISTING 2 scrolls of enchant weapon (255 gold,
                  | have 46).
  8698 | D:11     | 8698 ||| BUYING scroll of identify (34 gold).
  8698 | D:11     | Bought a scroll of identify for 34 gold pieces
  8714 | D:11     | Noticed a cyclops
  8717 | D:11     | 8717 ||| INVOKING Berserk.
  8722 | D:11     | Killed a cyclops
  8859 | D:11     | 8859 ||| INVOKING Berserk.
  8978 | D:11     | Found a staircase to the Lair.
  8978 | D:11     | Noticed a komodo dragon
  8987 | D:11     | 8987 ||| INVOKING Berserk.
  8991 | D:11     | Killed a komodo dragon
  8992 | D:11     | Reached XP level 10. HP: 89/89 MP: 9/9
  9000 | D:11     | Reached skill level 3 in Dodging
  9020 | D:11     | Reached skill level 14 in Axes
  9145 | D:11     | Noticed a two-headed ogre
  9149 | D:11     | 9149 ||| INVOKING Berserk.
  9150 | D:11     | Killed a two-headed ogre
  9268 | D:10     | Entered Level 10 of the Dungeon
  9309 | D:10     | 9309 ||| DRINKING 5 potions of curing.
  9309 | D:10     | 9309 ||| (to cure confusion)
  9363 | D:10     | 9363 ||| INVOKING Berserk.
  9378 | D:10     | Reached skill level 15 in Axes
  9551 | D:10     | Reached skill level 9 in Fighting
  9672 | D:9      | 9672 ||| INVOKING Berserk.
  9813 | D:9      | 9813 ||| Stepping ~*~*~tactically~*~*~ (stealth).
  9815 | D:9      | 9815 ||| Stepping ~*~*~tactically~*~*~ (stealth).
  9831 | D:9      | 9831 ||| Stepping ~*~*~tactically~*~*~ (stealth).
  9832 | D:9      | Found a transporter.
  9832 | D:9      | Noticed qw's ghost (novice MiBe)
  9833 | D:9      | 9833 ||| Stepping ~*~*~tactically~*~*~ (stealth).
  9835 | D:9      | 9835 ||| Stepping ~*~*~tactically~*~*~ (hiding).
  9841 | D:9      | Found a transporter.
  9842 | D:9      | 9842 ||| STAIRDANCE
  9951 | D:8      | 9951 ||| Stepping ~*~*~tactically~*~*~ (hiding).
 10151 | D:8      | 10151 ||| Stepping ~*~*~tactically~*~*~ (stealth).
 10153 | D:8      | 10153 ||| Stepping ~*~*~tactically~*~*~ (stealth).
 10157 | D:8      | 10157 ||| Stepping ~*~*~tactically~*~*~ (hiding).
 10253 | D:8      | Found Heraxo's Overcharged Wands.
 10260 | D:8      | 10260 ||| SHOPLISTING wand of digging (11) (693 gold, have
                  | 88).
 10284 | D:8      | Noticed Maggie
 10297 | D:8      | Killed Maggie
 10298 | D:8      | Reached XP level 11. HP: 84/97 MP: 10/10
 10350 | D:8      | 10350 ||| SWAPPING to +2 broad axe of flaming.
 10351 | D:8      | 10351 ||| DROPPING +1 vorpal flail.
 10352 | D:8      | 10352 ||| DROPPING +1 war axe.
 10358 | D:8      | 10358 ||| READING scroll of brand weapon.
 10358 | D:8      | 10358 ||| BRANDING +2 broad axe of flaming.
 10369 | D:8      | Found Tuosi's Book Emporium.
 10387 | D:8      | 10387 ||| Stepping ~*~*~tactically~*~*~ (stealth).
 10467 | D:8      | 10467 ||| DROPPING +0 whip.
 10573 | D:8      | 10573 ||| DROPPING +2 mace.
 10725 | D:8      | 10725 ||| PLANNING LAIR
 10725 | D:8      | 10725 ||| UPGRADING to amulet of regeneration.
 10926 | Lair:1   | Entered Level 1 of the Lair of Beasts
 10950 | Lair:1   | 10950 ||| INVOKING Berserk.
 11103 | Lair:1   | 11103 ||| Stepping ~*~*~tactically~*~*~ (stealth).
 11105 | Lair:1   | 11105 ||| Stepping ~*~*~tactically~*~*~ (stealth).
 11112 | Lair:1   | 11112 ||| INVOKING Berserk.
 11114 | Lair:1   | Reached skill level 16 in Axes
 11125 | Lair:1   | Reached ***** piety under Trog
 11445 | Lair:1   | 11445 ||| INVOKING Berserk.
 11451 | Lair:1   | Reached skill level 6 in Shields
 11568 | Lair:1   | 11568 ||| INVOKING Berserk.
 11876 | Lair:1   | 11876 ||| DROPPING ring of willpower.
 11929 | Lair:2   | 11929 ||| INVOKING Berserk.
 12055 | Lair:2   | 12055 ||| Stepping ~*~*~tactically~*~*~ (stealth).
 12056 | Lair:2   | Noticed a five-headed hydra
 12057 | Lair:2   | 12057 ||| Stepping ~*~*~tactically~*~*~ (stealth).
 12060 | Lair:2   | 12060 ||| INVOKING Brothers in Arms.
 12063 | Lair:2   | 12063 ||| SWAPPING to +0 flail.
 12064 | Lair:2   | 12064 ||| Stepping ~*~*~tactically~*~*~ (hiding).
 12065 | Lair:2   | 12065 ||| INVOKING Berserk.
 12067 | Lair:2   | Killed a five-headed hydra
 12083 | Lair:2   | Reached skill level 17 in Axes
 12090 | Lair:2   | 12090 ||| SWAPPING to +2 broad axe of freezing.
 12229 | Lair:2   | 12229 ||| Stepping ~*~*~tactically~*~*~ (stealth).
 12230 | Lair:2   | 12230 ||| Stepping ~*~*~tactically~*~*~ (stealth).
 12271 | Lair:2   | 12271 ||| INVOKING Berserk.
 12384 | Lair:2   | Noticed Amaemon
 12386 | Lair:2   | 12386 ||| INVOKING Berserk.
 12400 | Lair:2   | Killed Amaemon
 12513 | Lair:2   | 12513 ||| DROPPING +0 flail.
 12561 | Lair:2   | 12561 ||| INVOKING Berserk.
 12572 | Lair:2   | 12572 ||| Stepping ~*~*~tactically~*~*~ (stealth).
 12573 | Lair:2   | 12573 ||| Stepping ~*~*~tactically~*~*~ (stealth).
 12751 | Lair:2   | 12751 ||| INVOKING Berserk.
 12982 | Lair:2   | 12982 ||| INVOKING Berserk.
 13258 | Lair:2   | 13258 ||| Stepping ~*~*~tactically~*~*~ (stealth).
 13260 | Lair:2   | 13260 ||| Stepping ~*~*~tactically~*~*~ (stealth).
 13269 | Lair:2   | Reached XP level 12. HP: 100/106 MP: 11/11
 13522 | Lair:2   | 13522 ||| DROPPING +2 pair of boots.
 13523 | Lair:2   | 13523 ||| READING scroll labelled WOOSOO BEHUJA.
 13524 | Lair:2   | 13524 ||| READING scroll labelled EXKYTI MESO.
 13525 | Lair:2   | 13525 ||| READING scroll labelled HUQODIZ FEFEIM.
 13557 | Lair:3   | Reached skill level 18 in Axes
 13557 | Lair:3   | 13557 ||| FLEEEEING.
 13558 | Lair:3   | 13558 ||| FLEEEEING.
 13559 | Lair:3   | 13559 ||| FLEEEEING.
 13560 | Lair:3   | 13560 ||| FLEEEEING.
 13561 | Lair:3   | 13561 ||| FLEEEEING.
 13562 | Lair:3   | 13562 ||| FLEEEEING.
 13563 | Lair:3   | 13563 ||| FLEEEEING.
 13564 | Lair:3   | 13564 ||| STAIRDANCE
 13583 | Lair:3   | 13583 ||| STAIRDANCE
 13651 | Lair:3   | 13651 ||| READING scroll of enchant weapon.
 13651 | Lair:3   | 13651 ||| ENCHANTING +2 broad axe of freezing.
 13772 | Lair:3   | Found a staircase to the Shoals.
 13794 | Lair:3   | Reached skill level 9 in Armour
 13867 | Lair:3   | Found a hole to the Spider Nest.
 13868 | Lair:3   | 13868 ||| INVOKING Berserk.
 14026 | Lair:3   | Noticed a five-headed hydra
 14027 | Lair:3   | 14027 ||| INVOKING Brothers in Arms.
 14029 | Lair:3   | 14029 ||| SWAPPING to +0 demon whip of venom.
 14030 | Lair:3   | 14030 ||| INVOKING Berserk.
 14032 | Lair:3   | Killed a five-headed hydra
 14037 | Lair:3   | 14037 ||| SWAPPING to +3 broad axe of freezing.
 14217 | Lair:3   | Found a frozen archway.
 14295 | Lair:3   | 14295 ||| DRINKING 2 potions of cancellation.
 14300 | Lair:3   | 14300 ||| DRINKING potion of cancellation.
 14305 | Lair:3   | 14305 ||| Stepping ~*~*~tactically~*~*~ (stealth).
 14587 | Lair:4   | 14587 ||| INVOKING Berserk.
 15015 | Lair:4   | 15015 ||| INVOKING Berserk.
 15020 | Lair:4   | Reached skill level 12 in Fighting
 15308 | Lair:4   | 15308 ||| Stepping ~*~*~tactically~*~*~ (stealth).
 15310 | Lair:4   | 15310 ||| Stepping ~*~*~tactically~*~*~ (stealth).
 15314 | Lair:4   | 15314 ||| Stepping ~*~*~tactically~*~*~ (stealth).
 15316 | Lair:4   | 15316 ||| Stepping ~*~*~tactically~*~*~ (stealth).
 15327 | Lair:4   | 15327 ||| FLEEEEING.
 15328 | Lair:4   | 15328 ||| FLEEEEING.
 15329 | Lair:4   | 15329 ||| FLEEEEING.
 15330 | Lair:4   | 15330 ||| FLEEEEING.
 15429 | Lair:4   | 15429 ||| UPGRADING to +0 plate armour.
 15439 | Lair:4   | 15439 ||| DROPPING +0 chain mail.
 15440 | Lair:4   | 15440 ||| DROPPING ring of flight.
 15441 | Lair:4   | 15441 ||| DROPPING +6 ring of strength.
 15442 | Lair:4   | 15442 ||| READING scroll labelled TOAFUTYUPP.
 15481 | Lair:5   | Entered Level 5 of the Lair of Beasts
 15502 | Lair:5   | Noticed a boulder beetle
 15527 | Lair:5   | Noticed a death yak
 15528 | Lair:5   | Noticed a death yak
 15531 | Lair:5   | Noticed a death yak
 15532 | Lair:5   | 15532 ||| INVOKING Berserk.
 15537 | Lair:5   | Killed a death yak
 15542 | Lair:5   | Killed a death yak
 15549 | Lair:5   | Killed a death yak
 15745 | Lair:5   | 15745 ||| INVOKING Berserk.
 15897 | Lair:5   | 15897 ||| INVOKING Berserk.
 16024 | Lair:5   | 16024 ||| Stepping ~*~*~tactically~*~*~ (stealth).
 16025 | Lair:5   | 16025 ||| Stepping ~*~*~tactically~*~*~ (stealth).
 16026 | Lair:5   | 16026 ||| Stepping ~*~*~tactically~*~*~ (stealth).
 16036 | Lair:5   | 16036 ||| INVOKING Berserk.
 16063 | Lair:5   | HP: 28/112 [blink frog (8)]
 16064 | Lair:5   | 16064 ||| READING 5 scrolls of teleportation.
 16066 | Lair:5   | 16066 ||| DRINKING 2 potions of heal wounds.
 16074 | Lair:5   | 16074 ||| Stepping ~*~*~tactically~*~*~ (stealth).
 16082 | Lair:5   | 16082 ||| Stepping ~*~*~tactically~*~*~ (stealth).
 16084 | Lair:5   | Noticed a seven-headed hydra
 16085 | Lair:5   | 16085 ||| Stepping ~*~*~tactically~*~*~ (stealth).
 16087 | Lair:5   | 16087 ||| Stepping ~*~*~tactically~*~*~ (stealth).
 16089 | Lair:5   | 16089 ||| INVOKING Brothers in Arms.
 16092 | Lair:5   | 16092 ||| SWAPPING to +0 demon whip of venom.
 16093 | Lair:5   | 16093 ||| INVOKING Brothers in Arms.
 16094 | Lair:5   | 16094 ||| FLEEEEING.
 16095 | Lair:5   | 16095 ||| INVOKING Brothers in Arms.
 16096 | Lair:5   | 16096 ||| INVOKING Brothers in Arms.
 16097 | Lair:5   | HP: 28/112 [seven-headed hydra (4)]
 16098 | Lair:5   | 16098 ||| READING 4 scrolls of teleportation.
 16098 | Lair:5   | HP: 13/112 [seven-headed hydra (6)]
 16099 | Lair:5   | 16099 ||| DRINKING potion of heal wounds.
 16101 | Lair:5   | Noticed a five-headed hydra
 16102 | Lair:5   | 16102 ||| INVOKING Brothers in Arms.
 16104 | Lair:5   | Killed a five-headed hydra
 16105 | Lair:5   | Reached XP level 13. HP: 36/118 MP: 12/12
 16105 | Lair:5   | 16105 ||| Stepping ~*~*~tactically~*~*~ (outnumbered).
 16106 | Lair:5   | Reached skill level 12 in Armour
 16107 | Lair:5   | HP: 27/118 [seven-headed hydra (4)]
 16108 | Lair:5   | 16108 ||| READING 3 scrolls of teleportation.
 16109 | Lair:5   | 16109 ||| SWAPPING to +3 broad axe of freezing.
 16146 | Lair:5   | 16146 ||| Stepping ~*~*~tactically~*~*~ (stealth).
 16147 | Lair:5   | 16147 ||| Stepping ~*~*~tactically~*~*~ (stealth).
 16155 | Lair:5   | 16155 ||| Stepping ~*~*~tactically~*~*~ (stealth).
 16156 | Lair:5   | 16156 ||| Stepping ~*~*~tactically~*~*~ (stealth).
 16201 | Lair:5   | Found a staircase to the Slime Pits.
 16203 | Lair:5   | 16203 ||| Stepping ~*~*~tactically~*~*~ (stealth).
 16212 | Lair:5   | 16212 ||| DROPPING +1 morningstar of venom.
 16231 | Lair:5   | 16231 ||| READING scroll of enchant weapon.
 16231 | Lair:5   | 16231 ||| ENCHANTING +3 broad axe of freezing.
 16328 | Lair:5   | 16328 ||| INVOKING Berserk.
 16509 | Lair:5   | 16509 ||| INVOKING Berserk.
 16528 | Lair:5   | 16528 ||| Stepping ~*~*~tactically~*~*~ (stealth).
 16676 | Lair:5   | 16676 ||| Stepping ~*~*~tactically~*~*~ (hiding).
 16677 | Lair:5   | 16677 ||| Stepping ~*~*~tactically~*~*~ (hiding).
 16678 | Lair:5   | 16678 ||| INVOKING Berserk.
 16860 | Lair:5   | 16860 ||| Stepping ~*~*~tactically~*~*~ (cloud).
 16957 | Lair:5   | 16957 ||| Stepping ~*~*~tactically~*~*~ (stealth).
 16973 | Lair:5   | 16973 ||| INVOKING Berserk.
 17135 | Lair:5   | Found a corrupted altar of Lugonu.
 17135 | Lair:5   | Found a one-way gate to the infinite horrors of the Abyss.
 17316 | Lair:5   | 17316 ||| Stepping ~*~*~tactically~*~*~ (stealth).
 17318 | Lair:5   | 17318 ||| Stepping ~*~*~tactically~*~*~ (stealth).
 17319 | Lair:5   | 17319 ||| Stepping ~*~*~tactically~*~*~ (stealth).
 17326 | Lair:5   | 17326 ||| Stepping ~*~*~tactically~*~*~ (stealth).
 17615 | Lair:5   | 17615 ||| PLANNING D:1-11
 17858 | D:9      | Reached skill level 9 in Shields
 17909 | D:9      | 17909 ||| Stepping ~*~*~tactically~*~*~ (stealth).
 17929 | D:9      | 17929 ||| FLEEEEING.
 17930 | D:9      | 17930 ||| FLEEEEING.
 17931 | D:9      | 17931 ||| FLEEEEING.
 17932 | D:9      | 17932 ||| FLEEEEING.
 17933 | D:9      | 17933 ||| FLEEEEING.
 17934 | D:9      | 17934 ||| FLEEEEING.
 17935 | D:9      | 17935 ||| FLEEEEING.
 17990 | D:9      | 17990 ||| FLEEEEING.
 17991 | D:9      | 17991 ||| FLEEEEING.
 17992 | D:9      | 17992 ||| FLEEEEING.
 17993 | D:9      | 17993 ||| FLEEEEING.
 17994 | D:9      | 17994 ||| FLEEEEING.
 17995 | D:9      | 17995 ||| FLEEEEING.
 17996 | D:9      | 17996 ||| FLEEEEING.
 17997 | D:9      | 17997 ||| FLEEEEING.
 17998 | D:9      | 17998 ||| FLEEEEING.
 17999 | D:9      | 17999 ||| FLEEEEING.
 18000 | D:9      | 18000 ||| FLEEEEING.
 18001 | D:9      | 18001 ||| FLEEEEING.
 18002 | D:9      | 18002 ||| FLEEEEING.
 18003 | D:9      | 18003 ||| FLEEEEING.
 18004 | D:9      | 18004 ||| FLEEEEING.
 18005 | D:9      | 18005 ||| FLEEEEING.
 18006 | D:9      | 18006 ||| FLEEEEING.
 18007 | D:9      | 18007 ||| FLEEEEING.
 18060 | D:9      | Found a snail-covered altar of Cheibriados.
 18145 | D:9      | Reached skill level 6 in Dodging
 18163 | D:9      | Found an iron altar of Okawaru.
 18168 | D:9      | Found a broken altar of Ashenzari.
 18168 | D:9      | Found a basalt altar of Yredelemnul.
 18270 | D:9      | Noticed Grum
 18274 | D:9      | 18274 ||| INVOKING Berserk.
 18279 | D:9      | Killed Grum
 18390 | D:9      | 18390 ||| READING 3 scrolls of teleportation.
 18393 | D:9      | 18393 ||| FLEEEEING.
 18405 | D:9      | 18405 ||| READING 2 scrolls of teleportation.
 18417 | D:9      | 18417 ||| Stepping ~*~*~tactically~*~*~ (stealth).
 18419 | D:9      | 18419 ||| Stepping ~*~*~tactically~*~*~ (stealth).
 18457 | D:9      | 18457 ||| FLEEEEING.
 18458 | D:9      | 18458 ||| FLEEEEING.
 18459 | D:9      | 18459 ||| FLEEEEING.
 18460 | D:9      | 18460 ||| FLEEEEING.
 18550 | D:9      | 18550 ||| Stepping ~*~*~tactically~*~*~ (stealth).
 18577 | D:9      | Found a staircase to the Orcish Mines.
 18582 | D:9      | 18582 ||| DRINKING 7 potions of curing.
 18582 | D:9      | 18582 ||| (to cure confusion)
 18596 | D:9      | 18596 ||| DRINKING 6 potions of curing.
 18596 | D:9      | 18596 ||| (to cure confusion)
 18636 | D:9      | 18636 ||| Stepping ~*~*~tactically~*~*~ (stealth).
 18637 | D:9      | 18637 ||| Stepping ~*~*~tactically~*~*~ (stealth).
 18778 | D:9      | Found Sameh's Armour Shoppe.
 18784 | D:9      | 18784 ||| BUYING +0 chain mail of poison resistance (144
                  | gold).
 18784 | D:9      | Bought a +0 chain mail of poison resistance for 144 gold
                  | pieces
 18784 | D:9      | 18784 ||| BUYING +3 chain mail of fire resistance (450
                  | gold).
 18784 | D:9      | Bought a +3 chain mail of fire resistance for 450 gold
                  | pieces
 18845 | D:9      | 18845 ||| DROPPING +3 scale mail of fire resistance.
 18846 | D:9      | 18846 ||| UPGRADING to +3 chain mail of fire resistance.
 19054 | D:10     | Noticed Gastronok
 19058 | D:10     | 19058 ||| INVOKING Berserk.
 19064 | D:10     | Killed Gastronok
 19249 | D:10     | Found a glowing golden altar of the Shining One.
 19350 | D:10     | Noticed Fannar
 19361 | D:10     | Killed Fannar
 19571 | D:10     | Noticed Psyche
 19588 | D:10     | Killed Psyche
 19702 | D:10     | 19702 ||| UPGRADING to +2 hat of willpower.
 19707 | D:10     | 19707 ||| READING 13 scrolls of identify.
 19707 | D:10     | 19707 ||| IDENTIFYING black potion
 19708 | D:10     | 19708 ||| DROPPING potion of attraction.
 19957 | D:11     | 19957 ||| INVOKING Berserk.
 20229 | D:11     | 20229 ||| PLANNING D
 20229 | D:11     | 20229 ||| DROPPING amulet of guardian spirit.
 20230 | D:11     | 20230 ||| READING 12 scrolls of identify.
 20230 | D:11     | 20230 ||| IDENTIFYING orange potion
 20231 | D:11     | 20231 ||| DROPPING potion of ambrosia.
 20263 | D:12     | 20263 ||| Stepping ~*~*~tactically~*~*~ (hiding).
 20461 | D:12     | Noticed Nessos
 20462 | D:12     | 20462 ||| INVOKING Brothers in Arms.
 20467 | D:12     | Killed Nessos
 20468 | D:12     | Reached skill level 6 in Throwing
 20527 | D:12     | 20527 ||| Stepping ~*~*~tactically~*~*~ (hiding).
 20531 | D:12     | 20531 ||| INVOKING Berserk.
 20571 | D:12     | 20571 ||| Stepping ~*~*~tactically~*~*~ (stealth).
 20583 | D:12     | 20583 ||| FLEEEEING.
 20585 | D:12     | 20585 ||| FLEEEEING.
 20604 | D:12     | 20604 ||| INVOKING Berserk.
 20725 | D:12     | 20725 ||| Stepping ~*~*~tactically~*~*~ (hiding).
 20726 | D:12     | 20726 ||| Stepping ~*~*~tactically~*~*~ (hiding).
 20729 | D:12     | 20729 ||| INVOKING Berserk.
 20739 | D:12     | Reached XP level 14. HP: 133/133 MP: 13/13
 20864 | D:12     | 20864 ||| READING scroll of enchant weapon.
 20864 | D:12     | 20864 ||| ENCHANTING +4 broad axe of freezing.
 20893 | D:12     | 20893 ||| Stepping ~*~*~tactically~*~*~ (hiding).
 20930 | D:12     | 20930 ||| INVOKING Berserk.
 21016 | D:12     | 21016 ||| Stepping ~*~*~tactically~*~*~ (stealth).
 21036 | D:12     | Reached skill level 15 in Fighting
 21086 | D:12     | 21086 ||| Stepping ~*~*~tactically~*~*~ (stealth).
 21087 | D:12     | 21087 ||| Stepping ~*~*~tactically~*~*~ (stealth).
 21091 | D:12     | 21091 ||| INVOKING Berserk.
 21122 | D:12     | Noticed a fire giant
 21124 | D:12     | 21124 ||| Stepping ~*~*~tactically~*~*~ (hiding).
 21125 | D:12     | 21125 ||| Stepping ~*~*~tactically~*~*~ (stealth).
 21126 | D:12     | 21126 ||| INVOKING Brothers in Arms.
 21133 | D:12     | 21133 ||| SWAPPING to +0 demon whip of venom.
 21146 | D:12     | Killed a fire giant
 21148 | D:12     | 21148 ||| INVOKING Berserk.
 21174 | D:12     | 21174 ||| SWAPPING to +5 broad axe of freezing.
 21178 | D:12     | HP: 24/135 [cyan ugly thing (16)]
 21179 | D:12     | 21179 ||| READING 2 scrolls of teleportation.
 21179 | D:12     | Slain by a cyan ugly thing

Levels and vault maps discovered:
D:1:      minmay_arrival_split_and_join, layout_basic, serial_curves,
          eino_curves_04, eino_curves_04
D:2:      layout_basic, dk_noncrumbling_2
D:3:      layout_basic, chequers_serial_rivers_marsh, nicolae_grassy_gnolls,
          uniq_natasha
D:4:      minmay_angry_zag, layout_loops_cross, gammafunk_ghost_stat_death,
          uniq_blork_the_orc
D:5:      layout_loops_ring, hangedman_decor_slide_cut, uniq_prince_ribbit1
D:6:      layout_gridville
D:7:      dreamdust_elfheim, layout_basic, grunt_temple_overflow_magic_moments,
          minmay_temple_entry_hall, serial_shops, nicolae_diamond_shop, shop,
          nicolae_shop_behind_doors, shop
D:8:      layout_loops_ring, serial_shops, shop, nicolae_shop_overcharged_wands,
          uniq_maggie
D:9:      layout_loops_ring, amcnicky_altar_gilded, grunt_temple_overflow_open,
          erik_orc_2, gammafunk_ghost_arena, serial_shops, shop, uniq_grum
D:10:     layout_stronghold, kennysheep_mini, wad_rectangle_vault, uniq_psyche,
          uniq_gastronok, uniq_fannar
D:11:     layout_rooms, due_lair_maze_entry_diamond, serial_shops, shop
D:12:     minmay_the_grid_four_pointed_star_mashed
          [minmay_the_grid_triangle_9x9_sprig,
          minmay_the_grid_triangle_9x9_skeleton,
          minmay_the_grid_triangle_9x9_stretched_checkered,
          minmay_the_grid_triangle_9x9_limited_checkers,
          minmay_the_grid_prize_diamond_cup], layout_loops_ring,
          minmay_crystal_room, grunt_decor_arrowhead, nicolae_sextant,
          grunt_ministairs_13, uniq_nessos
Lair:1:   layout_misc_corridors, chequers_serial_rivers_small_3,
          infiniplex_staircase_pool, serial_bayou_shore_b
Lair:2:   layout_regular_city, st_stairs_8, minivault_11, uniq_amaemon
Lair:3:   layout_cave_shapes, elwin_shoals_entry_rooms,
          hellmonk_spider_entry_not_the_bees, portal_ice_cave_demonic_guard,
          enter_volcano_1
Lair:4:   lemuel_slime, layout_loops_ring
Lair:5:   hellmonk_lair_end_abyssal_woods, layout_regular_city,
          minmay_slime_entry_pillars, lemuel_fruit_fields,
          infiniplex_staircase_pool_2

Skill      XL: |  1  2  3  4  5  6  7  8  9 10 11 12 13 14 |
---------------+-------------------------------------------+-----
Axes           | 4 5 7 9 10 12 13 15 17 18 | 18.0
Fighting       | 4 5 7 8 9 10 12 14 15 | 15.4
Armour         | 3 4 5 6 7 8 11 13 | 13.0
Throwing       | 2 4 6 |  6.0
Shields        | 4 5 6 8 9 10 | 10.1
Dodging        | 3 4 5 7 |  7.0

Action                   |  1- 3 |  4- 6 |  7- 9 | 10-12 | 13-15 || total
-------------------------+-------+-------+-------+-------+-------++-------
Melee: Hand axe          |   101 |    87 |    63 |       |       ||   251
       Headbutt          |    11 |    15 |    38 |    82 |    84 ||   230
       Punch             |     1 |       |     1 |       |       ||     2
       War axe           |       |       |   168 |   124 |       ||   292
       Broad axe         |       |       |       |   337 |   333 ||   670
       Flail             |       |       |       |    17 |       ||    17
       Demon whip        |       |       |       |     7 |    36 ||    43
Throw: Boomerang         |       |     9 |    20 |    56 |    96 ||   181
       Javelin           |       |       |    49 |    23 |     6 ||    78
Invok: Berserk           |     2 |     7 |    15 |    22 |    13 ||    59
       Brothers in Arms  |       |       |       |     5 |     2 ||     7
  Use: Scroll            |     5 |     7 |     9 |     8 |     8 ||    37
       Potion            |     1 |     2 |     3 |     5 |     2 ||    13
 Stab: Distracted        |       |       |     1 |       |       ||     1
Armor: Animal skin       |    17 |       |       |       |       ||    17
       Chain mail        |       |    38 |   118 |   146 |    85 ||   387
       Plate armour      |       |       |       |    40 |    92 ||   132
Dodge: Dodged            |    58 |    20 |    88 |   145 |   109 ||   420
Block: Buckler           |       |       |    18 |    84 |    80 ||   182

Table legend:
 A = Non-vault XP
 B = Vault XP
 C = Vault XP percentage of total XP
 D = Non-vault monster count
 E = Vault monster count
 F = Vault count percentage of total count
                 A         B        C        D         E       F
            +---------+---------+-------+---------+---------+-------
      Total |   40563 |   33805 |  45.5 |     355 |     161 |  31.2
            +---------+---------+-------+---------+---------+-------
        D:1 |      39 |       0 |   0.0 |      27 |       0 |   0.0
        D:2 |      58 |       0 |   0.0 |      27 |       0 |   0.0
        D:3 |     190 |      75 |  28.3 |      24 |       4 |  14.3
        D:4 |     485 |     192 |  28.4 |      28 |       9 |  24.3
        D:5 |     420 |     283 |  40.3 |      12 |       1 |   7.7
        D:6 |     512 |       0 |   0.0 |      16 |       0 |   0.0
        D:7 |    1210 |     217 |  15.2 |      27 |       2 |   6.9
        D:8 |    1662 |     424 |  20.3 |      34 |       1 |   2.9
        D:9 |    3114 |    1206 |  27.9 |      46 |      22 |  32.4
       D:10 |    1777 |    3579 |  66.8 |      16 |       9 |  36.0
       D:11 |    4948 |    2092 |  29.7 |      15 |      12 |  44.4
       D:12 |    4466 |    9993 |  69.1 |       8 |      23 |  74.2
     Lair:1 |    2359 |       0 |   0.0 |      16 |       0 |   0.0
     Lair:2 |    7488 |    1462 |  16.3 |      31 |       3 |   8.8
     Lair:3 |    2409 |    2308 |  48.9 |       9 |      10 |  52.6
     Lair:4 |    3208 |    1072 |  25.0 |      10 |      25 |  71.4
     Lair:5 |    6218 |   10902 |  63.7 |       9 |      40 |  81.6
            +---------+---------+-------+---------+---------+-------
